 Dungeon Crawl Stone Soup version 0.25-a0-780-g622e69b31f (webtiles) character file.

Game seed: 8652039082651776431, levelgen mode: deterministic

18750 Lugonue the Grappler (level 12, -31/109 HPs)
             Began as a Troll Fighter on Apr 13, 2020.
             Was a Believer of Elyvilon.
             Killed from afar by an ice dragon (47 damage)
             ... with a blast of cold
             ... in an ice cave on Apr 14, 2020.
             The game lasted 00:25:25 (8334 turns).

Lugonue the Grappler (Troll Fighter)                Turns: 8334, Time: 00:25:31

Health: -31/109    AC: 10    Str: 31    XL:     12   Next: 30%
Magic:  19/20      EV: 12    Int:  4    God:    Elyvilon [**....]
Gold:   588        SH: 15    Dex:  9    Spells: 11/11 levels left

rFire    . . .     SeeInvis .     - Unarmed
rCold    . . .     Gourm    +   b - +0 kite shield
rNeg     . . .     Faith    .   q - +0 troll leather armour
rPois    .         Spirit   .   B - +1 hat
rElec    .         Reflect  +   F - +0 cloak
rCorr    .         Harm     .   (gloves unavailable)
MR       .....     Clarity  +   (boots unavailable)
Stlth    +.........             k - +3 amulet of reflection
HPRegen  1.08/turn              (no ring)
MPRegen  0.17/turn              A - ring of magical power

@: hasted, very quick
A: large, unfitting armour, claws 3, clarity, fast metabolism 3, gourmand,
regeneration 1, shaggy fur 1, tough skin 3, subdued magic 1
a: Lesser Healing, Heal Other, Divine Protection, Renounce Religion


You were in an ice cave.
You worshipped Elyvilon.
Elyvilon was pleased with you.
You were very full.

You visited 2 branches of the dungeon, and saw 13 of its levels.
You also visited: Ice Cave.

You collected 966 gold pieces.
You spent 378 gold pieces at shops.

Inventory:

Missiles
 c - 3 javelins (quivered)
 f - 13 boomerangs
 h - 57 poisoned darts
 y - 3 throwing nets
Armour
 a - a +0 robe
 b - a +0 kite shield (worn)
 q - a +0 troll leather armour (worn)
 B - a +1 hat (worn)
 F - a +0 cloak (worn)
Jewellery
 k - a +3 amulet of reflection (around neck)
 A - a ring of magical power (right claw)
Wands
 n - a wand of clouds (4)
 p - a wand of paralysis (13)
 x - a wand of iceblast (10)
 D - a wand of digging (5)
Scrolls
 e - 2 scrolls of blinking
 g - 6 scrolls of magic mapping
 i - a scroll of remove curse
 m - 5 scrolls of amnesia
 o - 5 scrolls of identify
Potions
 r - 3 potions of curing
 C - a potion of brilliance
Comestibles
 d - 25 rations


   Skills:
 * Level 4.6 Fighting
 + Level 4.4 Throwing
 + Level 0.4 Armour
 + Level 7.1 Dodging
 + Level 1.2 Stealth
 * Level 10.4 Shields
 * Level 12.5 Unarmed Combat
 * Level 1.1 Invocations


You had 11 spell levels left.
You didn't know any spells.
Your spell library contained the following spells:

 Spells                   Type           Power        Failure   Level  Hunger
 Animate Skeleton         Necr           N/A          50%         1    ##.....
 Apportation              Tloc           #.....       50%         1    ##.....
 Corona                   Hex            #......      50%         1    ##.....
 Infusion                 Chrm           #...         50%         1    ##.....
 Magic Dart               Conj           #...         50%         1    ##.....
 Summon Small Mammal      Summ           #...         50%         1    ##.....
 Blink                    Tloc           N/A          63%         2    ###....
 Call Imp                 Summ           #.......     63%         2    ###....
 Ensorcelled Hibernation  Hex/Ice        #.....       63%         2    ###....
 Shroud of Golubria       Chrm/Tloc      #.....       63%         2    ###....
 Slow                     Hex            #.......     63%         2    ###....
 Song of Slaying          Chrm           #.......     63%         2    ###....
 Call Canine Familiar     Summ           #.......     86%         3    ####...
 Confusing Touch          Hex            #.......     86%         3    ####...
 Conjure Flame            Conj/Fire      #.......     86%         3    ####...
 Dazzling Flash           Conj/Hex       #.....       86%         3    ####...
 Mephitic Cloud           Conj/Pois/Air  #.......     86%         3    ####...
 Ozocubu's Armour         Chrm/Ice       #.......     86%         3    ####...
 Spectral Weapon          Hex/Chrm       #.......     86%         3    ####...
 Summon Guardian Golem    Hex/Summ       #.......     86%         3    ####...
 Tukima's Dance           Hex            #.......     86%         3    ####...
 Ice Form                 Ice/Tmut       #.......     99%         4    #####..
 Summon Ice Beast         Ice/Summ       #.......     99%         4    #####..
 Summon Lightning Spire   Summ/Air       #.......     99%         4    #####..
 Irradiate                Conj/Tmut      #.........   100%        5    ######.
 Metabolic Englaciation   Hex/Ice        #.........   100%        5    ######.
 Freezing Cloud           Conj/Ice/Air   #.........   100%        6    #######
 Hydra Form               Tmut           #.........   100%        6    #######
 Ozocubu's Refrigeration  Ice            #.........   100%        6    #######
 Simulacrum               Ice/Necr       #.........   100%        6    #######
 Statue Form              Tmut/Erth      #........    100%        6    #######
 Dragon Form              Tmut           #.........   100%        7    #######


Dungeon Overview and Level Annotations

Branches:
Dungeon (11/15)            Temple (0/1) D:7            Lair (0/6) D:11
    Orc (2/2) D:10            Elf (0/3) Orc:2         IceCv (1/1)

Altars:
Dithmenos
Elyvilon
Fedhas
Gozag
Hepliaklqana
Ru
Sif Muna
Xom

Shops:
D:4 :   D:8 }   D:10 *   Orc:1 !


Innate Abilities, Weirdness & Mutations

You are too large for most types of armour.
You have claws for hands.
Your metabolism is lightning-fast.
You like to eat raw meat.
Your natural rate of healing is unusually fast.
You are covered in fur. (AC +1)
You have extremely tough skin. (AC +3)
You possess an exceptional clarity of mind.
Your spells are a little easier to cast, but a little less powerful.


Message History

The blast of cold misses you.
Throwing (i - inventory. (/) - cycle)
c - 4 javelins (quivered)
Press: ? - help, Shift-Dir - straight line, f/p - ice dragon
Aim: an ice dragon (lightly wounded)
You throw a javelin.
The javelin barely misses the ice dragon. x2
You claw the ice dragon!
The ice dragon is severely wounded.
You claw the ice dragon!
The ice dragon is severely wounded.
You scratch the ice dragon.
The ice dragon is almost dead.
You barely miss the ice dragon.
The ice dragon is almost dead.
The ice dragon breathes frost at you. The blast of cold hits you!!
* * * LOW HITPOINT WARNING * * *
The ice dragon breathes frost at you. The blast of cold hits you!!!
You die...

#..#
##.......
#.##
#.......
##.#
##.....#
#..#
#.....#
#..#
##..###
##..#
##..#
##..##
##.##
###..##
#..#
#D@.##
##..
###.###
##.
##.#D.#
##.
#..##(##
#..
#...#D.#
#.#
##.#...##
##.
#.D#####
#. #...#
## #D(##
##.


You could see 2 ice dragons.

Vanquished Creatures
  Gastronok (D:8)
  A hydra (D:11)
  A two-headed ogre (Orc:2)
  3 death yaks (D:11)
  The ghost of Grendash the Fighter, a novice MiFi of Makhleb (D:7)
  A cyclops (D:11)
  2 gargoyles
  2 ice statues (IceCv)
  4 rime drakes
  2 trolls
  Prince Ribbit (D:5)
  Grinder (D:3)
  A hippogriff (D:7)
  A wraith (D:9)
  4 yaks (D:11)
  A wyvern (D:10)
  Eustachio (D:4)
  Menkaure (D:7)
  A hungry ghost (D:11)
  A warg (Orc:2)
  A swamp drake (D:10)
  18 ice beasts
  2 sky beasts (D:7)
  A necrophage (D:9)
  9 orc warriors
  A black bear (D:7)
  2 phantoms
  5 ogres
  4 centaurs
  2 crocodiles
  A big kobold (D:8)
  5 bullfrogs
  3 scorpions
  18 killer bees
  9 wights
  5 howler monkeys
  6 crimson imps
  2 bullfrog zombies (D:11)
  6 hounds
  6 jellies
  3 bullfrog skeletons
  4 centaur skeletons
  A quasit (D:9)
  A gnoll shaman (D:7)
  7 orc priests
  6 iguanas
  13 orc wizards
  12 worker ants
  2 hound zombies
  5 hound skeletons
  A worker ant zombie (D:8)
  A howler monkey skeleton (D:9)
  14 adders
  11 gnolls
  9 oozes
  An adder skeleton (D:9)
  3 worms
  2 dart slugs
  6 leopard geckos
  51 orcs
  3 bats
  9 giant cockroaches
  A goblin (D:3)
  5 hobgoblins
  7 jackals
  7 kobolds
  8 quokkas
  A ball python (D:2)
  5 frilled lizards
  A giant cockroach zombie (D:5)
  2 jackal skeletons
  A quokka skeleton (D:7)
  4 rats
344 creatures vanquished.

Vanquished Creatures (others)
  5 dream sheep (D:5)
  An orc (D:10)
6 creatures vanquished.

Grand Total: 350 creatures vanquished

Notes
Turn   | Place    | Note
-------+----------+-------------------------------------------
     0 | D:1      | Lugonue the Troll Fighter began the quest for the Orb.
     0 | D:1      | Reached XP level 1. HP: 22/22 MP: 0/0
   103 | D:1      | Reached XP level 2. HP: 29/29 MP: 1/1
   266 | D:2      | Reached XP level 3. HP: 31/36 MP: 2/2
   495 | D:3      | Reached XP level 4. HP: 21/44 MP: 3/3
   553 | D:3      | Reached skill level 3 in Unarmed Combat
   705 | D:3      | Noticed Grinder
   710 | D:3      | Paralysed by Grinder for 2 turns
   721 | D:3      | Paralysed by Grinder for 7 turns
   733 | D:3      | Killed Grinder
   733 | D:3      | Reached skill level 4 in Unarmed Combat
   733 | D:3      | Reached XP level 5. HP: 19/53 MP: 4/4
   733 | D:3      | Reached XP level 6. HP: 22/61 MP: 5/5
   977 | D:4      | Found Toaczis's Book Emporium.
  1192 | D:4      | Noticed Eustachio
  1215 | D:4      | Gained mutation: Your spells are a little easier to cast,
                  | but a little less powerful. [potion of mutation]
  1215 | D:4      | Gained mutation: You possess an exceptional clarity of
                  | mind. [potion of mutation]
  1261 | D:4      | Killed Eustachio
  1466 | D:4      | Reached XP level 7. HP: 63/67 MP: 6/6
  1933 | D:5      | Entered Level 5 of the Dungeon
  1945 | D:5      | Reached skill level 5 in Shields
  2121 | D:5      | Reached skill level 5 in Unarmed Combat
  2174 | D:5      | Reached XP level 8. HP: 42/75 MP: 7/7
  2218 | D:5      | Found a sacrificial altar of Ru.
  2539 | D:5      | Noticed Prince Ribbit
  2551 | D:5      | Killed Prince Ribbit
  2551 | D:5      | Reached skill level 1 in Throwing
  2551 | D:5      | Reached skill level 6 in Unarmed Combat
  2616 | D:5      | Noticed a dream sheep
  2616 | D:5      | Noticed a dream sheep
  2616 | D:5      | Noticed a dream sheep
  2616 | D:5      | Noticed a dream sheep
  2616 | D:5      | Noticed a dream sheep
  2616 | D:5      | Found a shimmering altar of Xom.
  2620 | D:5      | Killed a dream sheep
  2622 | D:5      | Killed a dream sheep
  2622 | D:5      | Killed a dream sheep
  2622 | D:5      | Killed a dream sheep
  2622 | D:5      | Killed a dream sheep
  2928 | D:6      | Reached skill level 7 in Unarmed Combat
  2929 | D:6      | Reached skill level 5 in Dodging
  2929 | D:6      | Reached XP level 9. HP: 81/83 MP: 8/8
  3543 | D:7      | Reached skill level 8 in Unarmed Combat
  3628 | D:7      | Noticed Menkaure
  3641 | D:7      | Killed Menkaure
  3899 | D:7      | Reached skill level 9 in Unarmed Combat
  4101 | D:7      | Found a large runed translucent door.
  4102 | D:7      | Found a large runed translucent door.
  4109 | D:7      | Noticed Grendash's ghost (novice MiFi)
  4134 | D:7      | Killed Grendash's ghost
  4134 | D:7      | Reached XP level 10. HP: 79/92 MP: 9/9
  4175 | D:7      | Found a staircase to the Ecumenical Temple.
  4456 | D:8      | Found Jiguatez's Gadget Boutique.
  4619 | D:8      | Reached skill level 10 in Unarmed Combat
  4652 | D:8      | Noticed Gastronok
  4691 | D:8      | Killed Gastronok
  5157 | D:8      | Noticed a gargoyle
  5169 | D:8      | Killed a gargoyle
  5484 | D:9      | Found an opulent altar of Gozag.
  5531 | D:9      | Reached XP level 11. HP: 95/100 MP: 10/10
  5609 | D:9      | Found a shimmering altar of Xom.
  5612 | D:9      | Found an opulent altar of Gozag.
  5612 | D:9      | Found a hazy altar of Hepliaklqana.
  5612 | D:9      | Found a white marble altar of Elyvilon.
  5612 | D:9      | Found a shimmering blue altar of Sif Muna.
  5614 | D:9      | Found a shadowy altar of Dithmenos.
  5614 | D:9      | Found a blossoming altar of Fedhas.
  5615 | D:9      | Found a sacrificial altar of Ru.
  5704 | D:9      | Became a worshipper of Elyvilon the Healer
  6124 | D:10     | Entered Level 10 of the Dungeon
  6152 | D:10     | Found a sacrificial altar of Ru.
  6244 | D:10     | Reached skill level 11 in Unarmed Combat
  6383 | D:10     | Found a staircase to the Orcish Mines.
  6451 | D:10     | Upgraded the game from 0.25-a0-766-g0ecfff5982 to
                  | 0.25-a0-780-g622e69b31f
  6482 | D:10     | Reached * piety under Elyvilon
  6641 | D:10     | Found Iciuh's General Store.
  7154 | Orc:1    | Entered Level 1 of the Orcish Mines
  7228 | Orc:1    | Found Dady's Distillery.
  7246 | Orc:1    | Bought a potion of haste for 180 gold pieces
  7246 | Orc:1    | Bought a potion of heal wounds for 90 gold pieces
  7246 | Orc:1    | Bought a potion of curing for 54 gold pieces
  7246 | Orc:1    | Bought a potion of curing for 54 gold pieces
  7327 | Orc:2    | Entered Level 2 of the Orcish Mines
  7340 | Orc:2    | Noticed a two-headed ogre
  7350 | Orc:2    | Killed a two-headed ogre
  7350 | Orc:2    | Reached skill level 1 in Stealth
  7378 | Orc:2    | Found a staircase to the Elven Halls.
  7387 | Orc:2    | Noticed an orc warlord
  7389 | Orc:2    | Noticed an orc knight
  7389 | Orc:2    | Noticed an orc knight
  7390 | Orc:2    | Noticed an orc high priest
  7395 | Orc:2    | Noticed a sixfirhy
  7520 | D:11     | Found a staircase to the Lair.
  7520 | D:11     | Noticed a death yak
  7520 | D:11     | Noticed a death yak
  7530 | D:11     | Killed a death yak
  7531 | D:11     | Noticed a death yak
  7545 | D:11     | Killed a death yak
  7566 | D:11     | Killed a death yak
  7566 | D:11     | Reached skill level 10 in Shields
  7566 | D:11     | Reached skill level 12 in Unarmed Combat
  7790 | D:11     | Reached ** piety under Elyvilon
  7828 | D:11     | Noticed an eight-headed hydra
  7893 | D:11     | Killed an eight-headed hydra
  7893 | D:11     | Reached XP level 12. HP: 109/109 MP: 11/11
  7964 | D:11     | Found a frozen archway.
  7989 | IceCv    | Entered an ice cave
  8172 | IceCv    | Reached skill level 1 in Invocations
  8308 | IceCv    | Noticed an ice dragon
  8312 | IceCv    | Noticed an ice dragon
  8334 | IceCv    | Killed from afar by an ice dragon

Levels and vault maps discovered:
D:1:      denvon_arrival_hothouse, layout_basic
D:2:      layout_loops_ring
D:3:      layout_loops_cross, grunt_qazlal_sundering, uniq_grinder
D:4:      layout_layer_cave, serial_shops, shop, minmay_distorted,
          uniq_eustachio
D:5:      layout_basic, first_ration, basic_altar, kb_xom_exploding_sheep,
          uniq_prince_ribbit1
D:6:      layout_loops_ring, minmay_fractal_squares_5
D:7:      layout_basic, minmay_temple_entry_fiery, ebering_ghost_disaster_area,
          uniq_menkaure
D:8:      layout_basic, serial_shops, nicolae_shop_statue_plus,
          hangedman_little_slice_of_home, grunt_ministairs_14, uniq_gastronok
D:9:      layout_basic, grunt_temple_overflow_open, basic_altar,
          minmay_misc_feat_plants
D:10:     layout_loops_ring, erik_orc_1, serial_shops,
          nicolae_shop_behind_doors, nicolae_ru_awakened_eye
D:11:     layout_loops_ring, dpeg_lair_monsters, portal_ice_cave_rime,
          serial_shops, shop, grunt_potential, uniq_sonja
Orc:1:    layout_diamond_mine, serial_shops, shop, guppyfry_orc_lava_fort
Orc:2:    grunt_orc_gardens, layout_caves, grunt_orc_garden, grunt_orc_garden,
          grunt_orc_garden, grunt_orc_garden, basic_altar
IceCv:    ice_cave_small_dragons

Skill      XL: |  1  2  3  4  5  6  7  8  9 10 11 12 |
---------------+-------------------------------------+-----
Dodging        | 3 4 5 6 7 |  7.1
Unarmed Combat | 4 5 7 9 10 12 | 12.5
Fighting       | 3 4 |  4.6
Shields        | 3 4 5 6 7 9 10 | 10.4
Throwing       | 1 2 4 |  4.4
Stealth        | 1 |  1.2
Invocations    | 1 |  1.1
Armour         | |  0.4

Action                   |  1- 3 |  4- 6 |  7- 9 | 10-12 || total
-------------------------+-------+-------+-------+-------++-------
Melee: Unarmed           |   107 |   114 |   408 |   584 ||  1213
Throw: Boomerang         |       |    12 |     5 |    29 ||    46
       Dart              |       |       |    11 |    17 ||    28
       Throwing net      |       |       |       |     3 ||     3
       Javelin           |       |       |       |    21 ||    21
       Large rock        |       |       |       |    13 ||    13
Invok: Lesser Healing    |       |       |       |    12 ||    12
Evoke: Wand              |       |       |       |     2 ||     2
  Use: Potion            |       |     3 |     2 |    10 ||    15
       Scroll            |       |     1 |       |    13 ||    14
  Eat: Chunk             |    10 |     8 |    24 |    50 ||    92
Armor: Robe              |    49 |    55 |    53 |    71 ||   228
       Skin              |       |       |       |    34 ||    34
       Troll leather arm |       |       |       |    29 ||    29
Dodge: Dodged            |    40 |    70 |   114 |   172 ||   396
Block: Kite shield       |    46 |    88 |   153 |   344 ||   631
       Reflection        |       |       |       |     4 ||     4

Table legend:
 A = Non-vault XP
 B = Vault XP
 C = Vault XP percentage of total XP
 D = Non-vault monster count
 E = Vault monster count
 F = Vault count percentage of total count
                 A         B        C        D         E       F
            +---------+---------+-------+---------+---------+-------
      Total |   14072 |   12715 |  47.5 |     280 |      66 |  19.1
            +---------+---------+-------+---------+---------+-------
        D:1 |      37 |       0 |   0.0 |      17 |       0 |   0.0
        D:2 |      38 |       0 |   0.0 |      10 |       0 |   0.0
        D:3 |      70 |     267 |  79.2 |      16 |       1 |   5.9
        D:4 |     251 |     362 |  59.1 |      19 |       3 |  13.6
        D:5 |     965 |     274 |  22.1 |      35 |       1 |   2.8
        D:6 |     901 |     159 |  15.0 |      33 |       5 |  13.2
        D:7 |    1590 |     974 |  38.0 |      31 |       2 |   6.1
        D:8 |    1677 |    2564 |  60.5 |      26 |      10 |  27.8
        D:9 |    2635 |       0 |   0.0 |      42 |       0 |   0.0
       D:10 |    1375 |     567 |  29.2 |      18 |      17 |  48.6
       D:11 |    2829 |    4071 |  59.0 |      17 |       9 |  34.6
      Orc:1 |     334 |       0 |   0.0 |       8 |       0 |   0.0
      Orc:2 |    1370 |       0 |   0.0 |       8 |       0 |   0.0
      IceCv |       0 |    3477 | 100.0 |       0 |      18 | 100.0
            +---------+---------+-------+---------+---------+-------
